Map: Whitewater Line LE

Players

gatinyoo

  • Race: Terran Terran
  • Spawn Location: 7:00

Bandit

  • Race: Protoss Protoss
  • Spawn Location: 6:00

melgar

  • Race: Protoss Protoss
  • Spawn Location: 7:00

Smileblind - Winner!

  • Race: Protoss Protoss
  • League: Silver
  • Spawn Location: 12:00

ikennyng - Winner!

  • Race: Protoss Protoss
  • League: Bronze
  • Spawn Location: 1:00

ELCABELLO - Winner!

  • Race: Terran Terran
  • League: Silver
  • Spawn Location: 1:00

VOD

Have the link to the VOD?

Description

Time

  • Played on: Feb. 3, 2019, 8:28 p.m.
  • Length: 17:39
Show
View Real Time Build Order
Export as new Build Order

gatinyoo Terran 

Build Orders:  

Get SALT Encoding   

  12  0:14  SCV  
  13  0:23  Supply Depot  
  13  0:26  SCV  
  14  0:45  SCV  
  15  0:50  Barracks  
  16  0:57  SCV  
  16  1:03  Barracks  
  16  1:14  Barracks  
  16  1:36  Barracks  
  16  1:39  Marine  
  17  2:07  Marine  
  18  2:09  Marine  
  19  2:25  Marine  
  19  2:27  Marine x2  
  22  2:43  Marine  
  23  2:46  Supply Depot  
  23  3:07  Marine  
  23  3:08  Marine x2  
  25  3:25  Marine  
  26  3:27  Engineering Bay  
  26  3:43  Command Center  
  26  4:02  Missile Turret  
  26  4:07  Missile Turret  
  26  4:24  SCV  
  27  4:31  Refinery  
  27  4:32  Marine x3  
  27  4:36  SCV  
  31  4:54  Marine x2  
  31  4:55  Marine  
  32  5:00  Supply Depot  
  32  5:01  SCV  
  32  5:12  Marine x3  
  32  5:13  SCV  
  36  5:25  SCV  
  37  5:30  SCV, Marine x2  
  40  5:37  SCV  
  40  5:39  Refinery  
  40  5:40  Marine  
  40  5:42  SCV  
  43  5:48  Supply Depot, Marine x2  
  45  5:52  SCV  
  46  5:57  Terran Infantry Weapons Level 1  
  46  6:02  SCV  
  46  6:04  SCV  
  48  6:16  SCV  
  49  6:20  Missile Turret  
  48  6:46  Barracks Tech Lab, Engineering Bay  
  48  7:00  SCV, Barracks Reactor  
  49  7:06  Missile Turret  
  49  7:12  SCV, Refinery  
  50  7:17  Combat Shield  
  50  7:21  Marine x2  
  52  7:34  SCV  
  53  7:39  Marine x2  
  53  7:41  Refinery  
  55  7:46  SCV  
  54  7:56  Marine x2  
  56  7:58  SCV  
  56  8:00  Terran Infantry Armor Level 1  
  57  8:10  SCV  
  58  8:23  Factory, Marine x4  
  62  8:30  Orbital Command  
  62  8:43  Supply Depot  
  62  8:45  Planetary Fortress  
  62  9:04  Marine x4  
  62  9:06  Supply Depot  
  66  9:22  Marine  
  67  9:30  Factory Tech Lab, Armory  
  67  9:42  SCV  
  68  9:54  SCV  
  68  9:59  Supply Depot  
  69  10:06  Siege Tank  
  72  10:21  Terran Ship Weapons Level 1  
  72  10:23  Starport  
  72  10:36  Terran Infantry Weapons Level 2  
  72  10:43  Terran Infantry Armor Level 2  
  72  11:00  Missile Turret  
  72  11:21  Missile Turret  
  71  11:38  Siege Tank  
  74  11:59  Missile Turret  
  74  12:17  Marine x4  
  74  12:18  Bunker  
  78  12:35  Marine x4  
  82  12:52  Marine  
  82  12:53  Marine x3  
  82  12:58  Bunker  
  86  13:13  Supply Depot  
  86  13:29  Starport Tech Lab  
  86  13:33  Starport  
  86  13:34  Marine x4  
  86  13:35  SCV  
  91  13:45  Supply Depot  
  91  13:52  Marine x3  
  94  13:59  Marine  
  94  14:03  SCV  
  91  14:15  SCV  
  91  14:16  Bunker  
  92  14:26  Siege Tank  
  95  14:34  Raven  
  97  15:01  Bunker  
  97  15:16  Marine x4  
  80  15:33  Marine  
  80  15:34  Marine x3  
  78  15:38  Viking  
  80  15:51  Marine x2  
  80  15:52  Marine x2  
  84  16:09  Marine x4  
  82  16:27  Marine x4  
  86  16:45  Marine x3  
  73  17:16  Marine x2  
Show
View Real Time Build Order
Export as new Build Order

Bandit Protoss 

Build Orders:  

Get SALT Encoding   

  12  0:08  Probe  
  13  0:16  Probe  
  14  0:24  Probe  
  14  0:25  Pylon  
  15  0:47  Pylon  
  15  0:49  Assimilator  
  15  0:57  Forge  
  15  1:07  Gateway  
  15  1:33  Gateway  
  15  1:46  Assimilator  
  15  1:50  Photon Cannon  
  15  1:58  Pylon  
  15  1:59  Probe  
  15  2:07  Probe  
  16  2:15  Probe  
  18  2:23  Probe  
  19  2:31  Probe  
  20  2:43  Probe  
  21  2:55  Probe  
  22  3:07  Photon Cannon  
  22  3:08  Zealot  
  22  3:09  Zealot  
  26  3:24  Cybernetics Core  
  26  3:32  Photon Cannon  
  26  3:51  Pylon  
  26  3:52  Photon Cannon  
  26  3:59  Pylon  
  26  4:05  Pylon  
  26  4:13  Stargate  
  26  4:23  Stargate  
  26  4:33  Stargate  
  26  4:36  Stargate  
  21  5:20  Pylon  
  21  5:21  Pylon  
  21  5:30  Nexus  
  21  5:41  Photon Cannon  
  21  5:43  Photon Cannon  
  21  5:45  Photon Cannon  
  21  5:47  Photon Cannon  
  21  5:57  Photon Cannon  
  21  6:04  Probe  
  22  6:12  Probe  
  23  6:24  Photon Cannon, Probe  
  24  6:34  Photon Cannon  
  24  6:36  Probe  
  25  6:49  Probe  
  26  6:58  Pylon  
  26  7:01  Probe  
  26  7:02  Assimilator  
  27  7:13  Probe  
  28  7:25  Probe  
  28  7:27  Void Ray  
  33  7:34  Void Ray  
  37  7:38  Probe  
  38  7:49  Pylon  
  38  7:50  Probe  
  39  7:57  Pylon  
  39  8:01  Photon Cannon  
  39  8:03  Photon Cannon  
  39  8:05  Probe  
  39  8:11  Photon Cannon  
  40  8:13  Probe  
  41  8:21  Probe  
  42  8:30  Probe  
  42  8:32  Photon Cannon  
  43  8:36  Photon Cannon  
  43  8:42  Probe  
  43  8:45  Shield Battery  
  44  8:54  Probe, Void Ray  
  49  9:00  Probe  
  50  9:12  Probe  
  51  9:24  Probe  
  51  9:30  Robotics Facility  
  52  9:36  Probe  
  53  9:53  Probe  
  54  10:01  Probe  
  55  10:10  Probe  
  55  10:13  Nexus  
  56  10:22  Probe  
  56  10:26  Pylon  
  57  10:28  Pylon  
  57  10:34  Probe  
  58  10:44  Protoss Shields Level 1  
  58  10:45  Fleet Beacon  
  58  10:47  Protoss Air Armor Level 1  
  58  10:58  Cybernetics Core, Void Ray  
  58  10:59  Void Ray  
  58  11:38  Carrier x2  
  70  11:41  Tempest  
  75  11:58  Pylon  
  69  12:25  Photon Cannon  
  69  12:29  Pylon  
  69  12:31  Pylon  
  69  12:35  Photon Cannon  
  69  12:36  Photon Cannon  
  69  12:39  Photon Cannon  
  69  12:43  Photon Cannon  
  69  12:44  Photon Cannon  
  69  12:45  Photon Cannon  
  69  12:50  Shield Battery  
  69  12:52  Photon Cannon  
  69  12:54  Assimilator  
  69  13:04  Stargate  
  69  13:07  Stargate  
  69  13:12  Stargate  
  69  13:14  Stargate  
  69  13:20  Probe  
  70  13:28  Probe  
  70  13:31  Probe  
  72  13:38  Probe  
  73  13:43  Probe  
  74  13:50  Probe  
  74  13:55  Probe  
  76  14:02  Probe  
  77  14:07  Probe  
  78  14:10  Anion Pulse-Crystals  
  78  14:13  Protoss Air Weapons Level 1  
  78  14:20  Protoss Air Armor Level 2  
  78  14:27  Tempest  
  78  14:28  Carrier  
  78  14:29  Void Ray  
  93  14:33  Void Ray  
  97  14:45  Carrier  
  62  15:15  Tempest x2  
  62  15:16  Tempest  
Show
View Real Time Build Order
Export as new Build Order

melgar Protoss 

Build Orders:  

Get SALT Encoding   

  12  0:08  Probe  
  13  0:16  Probe  
  14  0:25  Probe  
  14  0:32  Pylon  
  15  0:49  Pylon  
  15  0:54  Gateway  
  15  1:00  Gateway  
  15  1:11  Gateway  
  15  1:19  Assimilator  
  15  1:20  Probe  
  16  1:28  Probe  
  17  1:49  Forge  
  17  1:52  Zealot  
  17  1:59  Zealot  
  21  2:03  Zealot  
  25  2:44  Zealot  
  25  3:07  Photon Cannon  
  27  3:20  Zealot x2  
  27  3:26  Cybernetics Core  
  29  3:36  Pylon  
  29  3:47  Zealot  
  31  4:23  Nexus  
  31  4:32  Assimilator  
  31  4:33  Probe  
  28  4:42  Pylon  
  28  4:46  Probe  
  28  4:48  Pylon  
  27  5:28  Pylon  
  27  5:32  Pylon  
  27  5:36  Probe  
  27  5:41  Photon Cannon  
  28  5:47  Photon Cannon  
  28  5:48  Probe  
  29  5:54  Twilight Council  
  29  5:56  Forge  
  29  6:00  Probe, Forge  
  30  6:06  Cybernetics Core, Probe  
  31  6:14  Probe  
  32  6:20  Photon Cannon  
  32  6:21  Photon Cannon  
  32  6:23  Probe  
  32  6:24  Photon Cannon  
  32  6:31  Assimilator  
  33  6:36  Probe  
  33  6:37  Zealot  
  33  6:38  Zealot  
  38  6:45  Probe  
  38  6:50  Dark Shrine  
  38  6:53  Probe  
  40  7:02  Probe  
  41  7:14  Probe  
  40  7:26  Probe  
  35  7:34  Pylon  
  35  8:02  Dark Templar  
  35  8:04  Dark Templar  
  39  8:08  Dark Templar  
  41  8:16  Photon Cannon  
  41  8:18  Photon Cannon  
  41  8:20  Photon Cannon  
  41  8:26  Pylon  
  42  8:34  Probe  
  44  8:41  Dark Templar  
  44  8:45  Stargate  
  44  8:46  Probe  
  44  8:48  Stargate  
  45  8:54  Stargate  
  45  8:56  Stargate  
  38  9:20  Probe  
  38  9:28  Probe  
  34  9:38  Probe  
  36  9:50  Probe  
  31  10:02  Probe  
  31  10:03  Dark Templar x2  
  31  10:04  Dark Templar  
  38  10:07  Protoss Air Weapons Level 1  
  38  10:09  Protoss Ground Armor Level 1  
  38  10:17  Probe  
  39  10:25  Probe  
  39  10:29  Assimilator  
  39  10:34  Probe  
  41  10:46  Probe  
  41  10:47  Stargate  
  42  10:58  Probe  
  42  11:03  Protoss Air Armor Level 1  
  43  11:10  Pylon  
  43  11:11  Probe  
  44  11:23  Probe  
  45  11:40  Void Ray  
  45  11:41  Void Ray  
  45  11:42  Void Ray x2  
  65  12:30  Pylon  
  65  12:32  Void Ray  
  65  13:16  Fleet Beacon  
  65  13:20  Protoss Ground Weapons Level 1  
  65  13:21  Protoss Ground Armor Level 2  
  65  13:24  Charge  
  65  13:35  Pylon  
  65  13:41  Pylon  
  65  13:51  Pylon  
  65  13:58  Protoss Shields Level 1  
  65  14:04  Zealot  
  65  14:05  Zealot x2  
  71  14:10  Void Ray  
  41  15:40  Zealot x2  
  41  15:41  Zealot  
  41  16:07  Zealot x2  
  41  16:08  Zealot  
  44  16:35  Zealot  
Show
View Real Time Build Order
Export as new Build Order

Smileblind Protoss - Winner!

Build Orders: 1 Gate Expand, Carriers 

Get SALT Encoding   

  1  0:00  Probe  
  13  0:07  Probe  
  14  0:21  Probe  
  14  0:26  Pylon  
  15  0:44  Probe  
  16  0:55  Gateway  
  16  0:56  Probe  
  17  1:09  Probe  
  17  1:10  Assimilator  
  18  1:14  Assimilator  
  18  1:21  Probe  
  19  1:33  Probe  
  20  1:44  Nexus  
  20  1:48  Probe, Zealot  
  23  2:09  Cybernetics Core  
  23  2:19  Gateway  
  23  2:26  Warp Gate  
  23  2:29  Pylon  
  23  2:32  Pylon  
  23  2:46  Pylon  
  23  2:47  Probe  
  23  2:48  Stalker  
  26  2:58  Probe  
  26  2:59  Probe  
  26  3:03  Shield Battery  
  28  3:07  Probe  
  28  3:11  Probe  
  30  3:16  Probe  
  30  3:19  Sentry  
  33  3:28  Probe  
  34  3:40  Probe  
  35  3:45  Zealot  
  35  3:46  Forge  
  37  3:51  Probe  
  38  3:59  Pylon  
  38  4:04  Probe  
  39  4:12  Probe, Zealot  
  39  4:13  Gateway  
  42  4:20  Probe  
  43  4:28  Probe  
  43  4:33  Twilight Council  
  43  4:35  Stargate  
  43  4:37  Stargate  
  44  4:39  Stalker  
  44  4:40  Probe  
  44  4:41  Assimilator  
  44  4:45  Assimilator  
  47  4:48  Pylon  
  47  4:52  Probe  
  48  5:03  Photon Cannon  
  48  5:04  Probe  
  48  5:05  Charge  
  49  5:09  Stalker  
  49  5:11  Photon Cannon  
  49  5:12  Probe  
  49  5:14  Photon Cannon  
  51  5:20  Probe  
  53  5:30  Probe  
  54  5:42  Dark Shrine, Probe  
  54  5:49  Pylon  
  55  5:52  Stalker, Pylon  
  55  5:55  Probe  
  58  6:04  Void Ray  
  58  6:07  Probe  
  63  6:14  Photon Cannon  
  63  6:17  Probe  
  63  6:20  Robotics Facility  
  63  6:25  Probe  
  65  6:33  Fleet Beacon, Probe  
  65  6:34  Protoss Air Weapons Level 1  
  65  6:37  Void Ray  
  74  7:13  Warp Prism  
  78  7:23  Carrier x2  
  78  7:29  Pylon  
  84  7:48  Nexus  
  84  7:50  Observer  
  85  7:55  Dark Templar  
  87  8:02  Dark Templar x2  
  91  8:18  Pylon  
  91  8:19  Probe x2  
  93  8:20  Pylon  
  93  8:23  Pylon  
  93  8:27  Immortal  
  93  8:31  Probe x2  
  99  8:35  Protoss Air Weapons Level 2  
  99  8:36  Carrier  
  105  8:43  Probe x2  
  108  8:55  Probe x2  
  107  9:07  Probe  
  108  9:20  Probe  
  107  9:28  Probe  
  107  9:32  Gateway  
  107  9:35  Assimilator  
  107  9:37  Carrier  
  107  9:38  Probe  
  114  9:39  Assimilator  
  114  9:40  Carrier  
  114  9:45  Dark Templar  
  123  9:48  Stalker  
  123  9:50  Probe  
  126  10:02  Gateway, Probe  
  126  10:04  Gateway  
  126  10:06  Immortal, Photon Cannon  
  131  10:07  Photon Cannon  
  131  10:15  Sentry x2  
  131  10:19  Sentry  
  137  10:22  Probe  
  138  10:30  Probe  
  139  10:40  Probe  
  140  10:50  Pylon  
  140  10:52  Probe, Pylon  
  140  10:54  Pylon  
  141  11:08  Immortal, Probe  
  141  11:09  Tempest  
  141  11:10  Carrier  
  155  11:22  Mothership  
  155  11:27  Probe, Pylon  
  164  11:39  Probe  
  165  11:50  Dark Templar x4  
  171  12:12  Protoss Air Weapons Level 3  
  161  12:17  Carrier x2  
  173  12:46  Pylon  
  173  12:48  Pylon  
  173  12:49  Pylon  
  173  12:52  Stargate  
  173  13:04  Observer  
  174  13:06  Dark Templar  
  174  13:07  Dark Templar x2  
  174  13:08  Dark Templar  
  174  13:11  Archon  
  174  13:12  Archon  
  182  13:28  Tempest  
  182  13:29  Void Ray  
  191  13:37  Void Ray  
  195  13:57  Nexus  
  195  14:03  Probe  
  195  14:04  Pylon, Probe  
  195  14:07  Pylon  
  195  14:09  Pylon  
  197  14:22  Probe x2  
  199  14:27  Gateway  
  199  14:30  Gateway  
  199  14:34  Probe  
  164  15:23  Carrier x3  
  153  16:02  Stalker  
  153  16:03  Stalker x4  
  159  16:12  Zealot x3  
  165  16:27  Carrier x3  
  183  16:34  Stalker x5  
  187  16:53  Zealot x3  
  193  17:13  Zealot x3  
Show
View Real Time Build Order
Export as new Build Order

ikennyng Protoss - Winner!

Build Orders: Double Forge 

Get SALT Encoding   

  12  0:08  Probe  
  13  0:16  Probe  
  14  1:05  Assimilator  
  14  1:16  Assimilator  
  14  1:21  Assimilator  
  14  1:29  Pylon  
  14  1:33  Pylon  
  14  1:37  Pylon  
  14  1:41  Pylon  
  14  1:43  Pylon  
  14  1:47  Pylon  
  14  1:52  Pylon  
  14  1:57  Forge  
  14  2:01  Gateway  
  14  2:23  Pylon  
  14  2:31  Pylon  
  14  2:37  Photon Cannon  
  14  2:42  Photon Cannon  
  13  2:57  Pylon  
  13  3:26  Gateway  
  13  3:36  Assimilator  
  13  3:46  Probe  
  13  3:54  Probe  
  13  3:55  Assimilator  
  14  3:58  Gateway  
  15  4:06  Probe, Forge  
  16  4:40  Pylon  
  16  4:47  Zealot  
  16  4:49  Probe  
  19  5:23  Pylon  
  18  5:37  Probe  
  18  5:39  Gateway  
  19  5:45  Probe  
  20  6:00  Cybernetics Core  
  20  6:04  Gateway  
  20  6:44  Warp Gate  
  20  6:48  Twilight Council  
  20  6:54  Probe  
  20  6:56  Gateway  
  21  7:02  Probe  
  22  7:10  Robotics Facility, Probe  
  23  7:20  Protoss Ground Weapons Level 1  
  23  7:22  Probe  
  24  7:26  Charge  
  24  7:51  Warp Prism  
  26  8:05  Dark Shrine  
  24  8:40  Observer  
  25  8:56  Resonating Glaives  
  25  9:01  Observer  
  26  9:21  Dark Templar  
  26  9:22  Dark Templar  
  30  9:35  Pylon  
  30  9:55  Protoss Ground Weapons Level 2  
  30  10:02  Dark Templar  
  30  10:03  Dark Templar  
  34  10:15  Warp Prism  
  36  10:25  Pylon  
  28  11:06  Immortal  
  32  11:16  Robotics Facility  
  32  11:36  Protoss Air Armor Level 1  
  32  12:04  Immortal  
  32  12:06  Immortal  
  40  12:24  Protoss Ground Weapons Level 3  
  40  12:43  Immortal, Nexus  
  44  12:47  Pylon  
  44  13:05  Immortal  
  48  13:31  Protoss Air Weapons Level 1  
  48  13:38  Pylon  
  32  14:14  Probe  
  32  14:22  Immortal, Probe  
  33  14:24  Immortal  
  33  14:26  Pylon  
  34  14:32  Probe  
  43  14:44  Probe  
  44  15:01  Protoss Ground Armor Level 1  
  44  15:14  Immortal  
  48  16:52  Dark Templar  
  48  16:53  Dark Templar  
  48  16:56  Dark Templar  
  48  16:59  Dark Templar  
Show
View Real Time Build Order
Export as new Build Order

ELCABELLO Terran - Winner!

Build Orders:  

Get SALT Encoding   

  12  0:01  SCV  
  13  0:13  SCV  
  14  0:20  Supply Depot  
  14  0:25  SCV  
  15  0:41  SCV  
  16  0:45  Barracks  
  16  0:53  SCV  
  17  1:01  Refinery  
  17  1:05  Refinery  
  17  1:06  SCV  
  18  1:18  SCV  
  19  1:24  Barracks  
  19  1:41  Barracks Tech Lab  
  19  1:47  Engineering Bay  
  19  1:52  Orbital Command  
  19  2:14  Supply Depot  
  19  2:15  Terran Infantry Weapons Level 1  
  19  2:20  Marauder  
  21  2:25  Barracks Reactor  
  21  2:27  Barracks  
  21  2:32  SCV  
  22  2:44  SCV  
  23  2:56  SCV  
  24  3:08  Marauder  
  24  3:11  Marine x2  
  28  3:23  Barracks Reactor  
  28  3:29  Factory, Marauder, Marine x2  
  32  3:46  Marine  
  32  3:47  Marine  
  34  3:51  Marauder  
  36  4:01  Marine x2  
  38  4:04  Marine  
  39  4:29  Supply Depot  
  39  4:50  Marine x4  
  39  4:51  SCV, Marauder, Supply Depot  
  44  5:03  SCV  
  35  5:15  SCV  
  35  5:21  Marine x3  
  31  5:22  Marine  
  31  5:27  Marauder  
  36  5:29  Factory Tech Lab  
  36  5:32  Supply Depot  
  36  5:38  Marine  
  36  5:39  Marine x3  
  40  5:49  Command Center  
  40  5:56  Barracks  
  40  5:57  Supply Depot  
  40  6:00  SCV  
  41  6:12  SCV  
  42  6:19  Supply Depot  
  42  6:21  Stimpack  
  42  6:24  SCV  
  43  6:34  Marine x2  
  43  6:35  Marine  
  43  6:36  Marine  
  43  6:39  Marauder  
  49  6:43  Siege Tank  
  49  6:45  Barracks Tech Lab  
  52  6:50  Refinery  
  52  6:55  Terran Infantry Armor Level 1  
  52  6:56  Supply Depot  
  52  6:58  SCV  
  52  7:14  Refinery  
  36  7:54  Marine  
  36  7:55  Marine x3  
  37  8:01  Engineering Bay  
  37  8:07  SCV  
  37  8:12  Marine x2  
  38  8:13  Marine x2  
  38  8:17  Marauder  
  38  8:19  SCV, Marauder  
  47  8:28  Supply Depot  
  47  8:30  Marine x3  
  47  8:31  SCV, Marine  
  52  8:38  Siege Tank  
  52  8:39  Marauder  
  52  8:41  Marauder  
  59  8:43  SCV  
  59  8:47  Factory  
  59  8:48  Marine x2  
  62  8:55  SCV  
  62  8:58  SCV  
  64  9:08  SCV  
  65  9:10  SCV  
  66  9:20  SCV  
  66  9:22  SCV  
  68  9:24  Marine x2  
  68  9:25  Marine x2  
  65  9:32  SCV  
  65  9:34  SCV  
  66  9:45  Marine x2  
  66  9:46  SCV, Marine x2  
  66  9:49  Marauder  
  66  9:50  Siege Tank  
  70  10:03  Marine x2  
  70  10:04  Marine x2  
  74  10:10  Factory Tech Lab, Marauder  
  76  10:21  Marine x2  
  76  10:22  Starport, Marine x2  
  76  10:28  Siege Tank  
  83  10:29  Orbital Command  
  83  10:31  Marauder  
  83  10:33  SCV  
  86  10:39  Marine x3  
  86  10:40  Marine  
  90  10:45  SCV  
  90  10:48  Command Center  
  91  10:57  SCV  
  91  10:59  Siege Tank  
  91  11:01  Siege Tank  
  91  11:02  Starport Tech Lab  
  99  11:05  Marauder  
  76  11:26  Marauder  
  71  11:50  Marine x3  
  71  11:51  Marine  
  75  12:00  Armory  
  75  12:02  Armory  
  75  12:04  Armory  
  75  12:08  Missile Turret  
  75  12:11  Missile Turret  
  72  12:21  Orbital Command  
  72  12:30  Missile Turret  
  72  12:39  Bunker  
  72  12:50  Bunker  
  72  12:52  Missile Turret  
  72  12:55  Missile Turret  
  72  13:09  Missile Turret  
  72  13:17  SCV  
  73  13:22  Missile Turret  
  73  13:26  Barracks  
  73  13:28  Barracks  
  73  13:29  SCV x2  
  75  13:34  Refinery  
  75  13:36  Refinery  
  75  13:40  Supply Depot  
  75  13:41  SCV x2  
  77  13:50  Supply Depot  
  77  13:53  SCV x2  
  79  14:03  Supply Depot  
  79  14:05  SCV  
  80  14:11  Starport  
  80  14:17  Barracks Tech Lab  
  80  14:18  Supply Depot, Barracks Reactor  
  80  14:22  Barracks  
  80  14:24  Missile Turret  
  80  14:28  Missile Turret  
  80  14:34  Marine x4  
  80  14:36  Siege Tank  
  80  14:37  Marauder  
  80  14:38  Siege Tank  
  92  14:42  Raven  
  94  14:46  Missile Turret  
  94  14:48  Starport  
  94  14:51  Marauder  
  94  14:52  Marine x4  
  98  14:54  Engineering Bay  
  98  14:58  Marauder  
  102  15:01  Marauder, Marine x2  
  102  15:03  Starport Reactor  
  106  15:08  Bunker, Siege Tank  
  106  15:09  Marine x2  
  106  15:10  Marine x2  
  106  15:11  Bunker  
  106  15:12  Barracks  
  105  15:19  Marine x2  
  97  15:22  Supply Depot  
  97  15:23  Marauder  
  97  15:31  Siege Tank  
  97  15:34  Marine x2  
  97  15:35  Marine x2  
  104  15:37  Raven, Marauder  
  104  15:40  Marauder, Siege Tank  
  113  15:47  Supply Depot x2  
  113  15:52  Marine x2  
  113  15:53  Marine x2  
  113  15:58  Marauder, Medivac x2  
  113  16:00  Starport Reactor  
  113  16:04  Starport, Siege Tank  
  122  16:05  Barracks Reactor  
  122  16:06  Barracks Reactor  
  122  16:11  Missile Turret  
  110  16:50  Marine  
  110  16:51  Marine x2  
  110  16:52  Marine  
  110  16:53  Siege Tank  
  112  16:54  Siege Tank  
  112  16:57  Marauder  
  120  17:06  Marine x3  
  120  17:07  Marine x3  
  119  17:12  Marauder  
  119  17:19  Marine  
  119  17:20  Marine x3  
  127  17:30  Factory Tech Lab  
Tags
 
Add a new tag
Caveats
  • Supply blocks, unpowered buildings, or Contaminate may cause inaccurate times.
  • Supply counts are checked every 10 seconds.